 Dungeon Crawl Stone Soup version 0.31.0-9-g3a7656b989 (webtiles) character file.

Game seed: 12918281007517242328

363 Arcadio the Ruffian (level 6, 0/61 HPs)
             Began as a Troll Gladiator on Jan 24, 2024.
             Slain by an orc wizard
             ... wielding a +2 dagger of venom
              (3 damage)
             ... on level 4 of the Dungeon.
             The game lasted 00:05:44 (2251 turns).

Arcadio the Ruffian (Troll Gladiator)               Turns: 2251, Time: 00:05:44

Health: 0/61       AC:  5    Str: 25    XL:     6   Next: 39%
Magic:  5/5        EV: 15    Int:  4    God:
Gold:   113        SH:  0    Dex: 11    Spells: 5/5 levels left

rFire   . .          .
                       - Unarmed
rCold   . . .        (no shield)
rNeg    . . .        a - +0 robe
rPois   .            b - +1 hat
rElec   .            (no cloak)
rCorr   .            (gloves unavailable)
SInv    .            (boots unavailable)
Will    .....        j - amulet of reflection
Stlth   +            f - +5 ring of evasion
HPRegen 1.10/turn    (no ring)
MPRegen 0.09/turn

%: reflection
@: confused, lethally poisoned (0 -> -1)
A: large, unfitting armour, claws 3, regeneration 1, shaggy fur 1, tough skin 1
a: no special abilities


You were on level 4 of the Dungeon.
You visited 1 branch of the dungeon, and saw 4 of its levels.

You collected 113 gold pieces.

Inventory:

Missiles
 c - 3 throwing nets (quivered)
 d - a large rock
Armour
 a - a +0 robe (worn)
 b - a +1 hat (worn)
Jewellery
 f - a +5 ring of evasion (left claw)
 j - an amulet of reflection (around neck)
 s - an amulet of faith
Talismans
 o - a blade talisman
Wands
 p - a wand of polymorph (10)
 t - a wand of acid (5)
Scrolls
 g - 2 scrolls of enchant armour
 m - a scroll of fog {unknown}
 n - a scroll of fear {unknown}
 q - a scroll of enchant weapon {unknown}
Potions
 e - a potion of resistance {unknown}
 k - 2 potions of lignification {unknown}


   Skills:
 + Level 3.5 Fighting
 - Level 1.7 Throwing
 + Level 3.9 Dodging
 + Level 4.8 Unarmed Combat


You had 5 spell levels left.
You didn't know any spells.
Your spell library was empty.

Dungeon Overview and Level Annotations

Branches:
Dungeon (4/15)
 Temple: D:4-7

Altars:

Shops:
D:1 (?


Innate Abilities, Weirdness & Mutations

You are too large for most types of armour.
You have claws for hands.
Your natural rate of healing is unusually fast.
You are covered in fur. (AC +1)
You have tough skin. (AC +1)


Message History

You are lethally poisoned!
The gnoll barely misses you.
You feel better. The gnoll barely misses you.
You hear some strange, mumbled words.
A puff of flame appears from out of thin air!
The puff of flame hits you. You block the gnoll's attack.
Something hits you but does no damage.
You are poisoned.
You scratch the gnoll. You claw the gnoll.
The gnoll is severely wounded.
You feel sick. The gnoll hits you with a +0 spear!
* * * LOW HITPOINT WARNING * * *
Something hits you but does no damage.
You are lethally poisoned!
* * * LOW HITPOINT WARNING * * *
You feel very sick. The gnoll barely misses you.
You feel much better.
You feel sick.
The gnoll hits you from afar with a +0 spear!
* * * LOW HITPOINT WARNING * * *
Something hits you but does no damage.
You are more poisoned.
You feel very sick.
You hear some strange, mumbled words.
Something tries to affect you, but you resist.
The gnoll barely misses you.
You feel very sick.
You hear some strange, mumbled words.
Something tries to affect you, but you resist.
You feel very sick.
You hear some strange, mumbled words.
You are confused.
You feel sick.
You feel sick. The gnoll hits you with a +0 spear.
* * * LOW HITPOINT WARNING * * *
You closely miss something.
You feel sick.
You barely miss the gnoll.
The gnoll is severely wounded.
You feel sick. Something hits you.
You die...

#........##....
#........).....
##†.....###)#..
#))##...##.#..
#######.)....###....
##.#.##.......###g...
#.........[.#.##.....
##..........###.##....
##....@................
##...#g.............##..
##.....##...........##
..
#............###......
##
###.##....##.......#.#
## ###....###.......###
. .#### .....#.## ..
..###.


You could see a gnoll.

Vanquished Creatures
  An orc priest (D:4)
  Ijyb (D:3)
  Jessica (D:2)
  Natasha (thrice) (D:2)
  An orc wizard (D:4)
  Robin (D:2)
  A gnoll (D:4)
  5 adders
  2 ufetubi (D:3)
  2 ribbon worms (D:2)
  3 dart slugs
  9 orcs
  7 endoplasms
  2 giant cockroaches
  12 goblins
  10 hobgoblins
  6 jackals
  3 quokkas
  5 ball pythons
  3 bats
  4 frilled lizards
  7 kobolds
  2 rats
91 creatures vanquished.

Notes
Turn   | Place    | Note
-------+----------+-------------------------------------------
     0 | D:1      | Arcadio the Troll Gladiator began the quest for the Orb.
     0 | D:1      | Reached XP level 1. HP: 19/19 MP: 0/0
   147 | D:1      | Reached XP level 2. HP: 28/28 MP: 1/1
   348 | D:1      | Found Borghiph's Magic Scroll Shop.
   439 | D:1      | Found Puet's Weapon Shop.
   728 | D:2      | Noticed Jessica
   734 | D:2      | Killed Jessica
   735 | D:2      | Reached XP level 3. HP: 35/35 MP: 2/2
   858 | D:2      | Reached XP level 4. HP: 39/44 MP: 3/3
  1023 | D:2      | Noticed Robin
  1030 | D:2      | Killed Robin
  1176 | D:2      | Noticed Natasha
  1178 | D:2      | Killed Natasha
  1179 | D:2      | Reached skill level 4 in Unarmed Combat
  1179 | D:2      | Reached XP level 5. HP: 52/52 MP: 4/4
  1356 | D:2      | Noticed Natasha
  1366 | D:2      | Killed Natasha
  1442 | D:2      | Noticed Natasha
  1490 | D:2      | Killed Natasha
  1854 | D:3      | Noticed Ijyb
  1873 | D:3      | Killed Ijyb
  1932 | D:3      | Reached XP level 6. HP: 61/61 MP: 5/5
  2243 | D:4      | HP: 3/61 [poisoned by an orc wizard]
  2249 | D:4      | HP: 3/61 [gnoll/+0 spear (2)]
  2251 | D:4      | Slain by an orc wizard

Illustrated notes

Levels and vault maps discovered:
D:1:      ncdulo_wetmaze, layout_loops_ring, serial_shops, shop_scrolls,
          nicolae_shop_bloodbath_and_beyond, minmay_pentomino_r2
D:2:      layout_basic, kennysheep_cross_room, grunt_ministairs_4,
          serial_bayou_lagoon_a, solitary_fountain,
          chequers_serial_rivers_large_a, uniq_robin, uniq_jessica, uniq_natasha
D:3:      layout_basic, chequers_serial_rivers_micro_d, uniq_ijyb
D:4:      layout_cave_pools, minmay_temple_entry_stoned_glass

Skill      XL: |  1  2  3  4  5 |
---------------+----------------+-----
Fighting       | 2 3 |  3.5
Dodging        | 3 |  3.9
Unarmed Combat | 4 |  4.8
Throwing       | |  1.7

Action                     |  1- 3 |  4- 6 || total
---------------------------+-------+-------++-------
  Melee: Unarmed           |    74 |   153 ||   227
         Punch             |       |     4 ||     4
    Use: Scroll            |       |     4 ||     4
         Potion            |       |     5 ||     5
   Stab: Sleeping          |     1 |     1 ||     2
 Armour: Robe              |    28 |   129 ||   157
         Skin              |       |     8 ||     8
  Dodge: Dodged            |    29 |   118 ||   147
  Block: Other             |       |    22 ||    22
         Reflection        |       |     1 ||     1
